 Dungeon Crawl Stone Soup version 0.28.0-53-g5a82cb258f (webtiles) character file.

Game seed: 12290686290349908116

8873 Sin92 the Cleaver (level 11, -6/85 HPs)
             Began as a Demonspawn Fighter on June 29, 2022.
             Was a High Priest of Okawaru.
             Mangled by a two-headed ogre
             ... wielding a +0 giant spiked club
              (16 damage)
             ... on level 10 of the Dungeon.
             The game lasted 00:28:29 (14660 turns).

Sin92 the Cleaver (Demonspawn Fighter)             Turns: 14660, Time: 00:28:29

Health: -6/85      AC: 14    Str: 22    XL:     11   Next: 15%
Magic:  15/15      EV:  7    Int:  9    God:    Okawaru [*****.]
Gold:   292        SH:  6    Dex: 14    Spells: 10/10 levels left

rFire   . . .      SeeInvis .   h - +7 trident
rCold   . . .      Faith    .   c - +0 buckler
rNeg    . . .      Spirit   .   o - +1 plate armour
rPois   .          Reflect  .   (helmet restricted)
rElec   .          Harm     .   (no cloak)
rCorr   .          Rampage  .   (no gloves)
Will    ++...                   (no boots)
Stlth   ..........              (no amulet)
HPRegen 0.24/turn               g - ring of flight
MPRegen 0.14/turn               m - ring of willpower

@: about to teleport, corroded, flying
A: horns 1, thin metallic scales 2, foul stench 1, demonic magic 3, agile 1,
strong-willed 1, screaming 1, shaggy fur 1
a: Renounce Religion, Heroism, Finesse, Duel


You were on level 10 of the Dungeon.
You worshipped Okawaru.
Okawaru was extremely pleased with you.
You visited 2 branches of the dungeon, and saw 11 of its levels.

You collected 448 gold pieces.
You spent 156 gold pieces at shops.

Inventory:

Hand Weapons
 a - a +0 war axe
 h - a +7 trident (weapon)
 i - a +3 hand axe of freezing
 k - a +2 whip of electrocution
Armour
 b - a +0 scale mail
 c - a +0 buckler (worn)
 l - a +0 chain mail
 o - a +1 plate armour (worn)
 B - a +3 scale mail of cold resistance
Jewellery
 g - a ring of flight (left hand)
 j - a +6 ring of intelligence
 m - a ring of willpower (right hand)
 s - a ring of resist corrosion
 z - a ring of magical power
Wands
 q - a wand of paralysis (13)
 x - a wand of acid (3)
 A - a wand of digging (3)
 C - a wand of iceblast (5)
Scrolls
 e - 2 scrolls of blinking
 t - 2 scrolls of immolation
 u - a scroll of teleportation
 w - a scroll of fear
 y - 3 scrolls of enchant armour
Potions
 d - a potion of ambrosia
 f - a potion of berserk rage {unknown}
 n - a potion of cancellation
 p - 3 potions of attraction
 r - a potion of magic
 v - a potion of curing
 D - a potion of invisibility
 E - a potion of degeneration


   Skills:
 + Level 7.7 Fighting
 - Level 9.4(9.7) Axes
 * Level 3.6(7.0) Polearms
 + Level 7.0 Armour
 + Level 3.5 Dodging
 + Level 7.0 Shields
 - Level 5.4 Invocations


You had 10 spell levels left.
You didn't know any spells.
Your spell library contained the following spells:

 Spells                   Type           Power      Damage    Failure   Level
 Beastly Appendage        Tmut           0%         N/A       100%        1
 Wereblood                Tmut           0%         N/A       100%        2
 Ozocubu's Armour         Ice            0%         N/A       100%        3
 Spider Form              Tmut/Pois      0%         N/A       100%        3
 Dispersal                Tloc           0%         N/A       100%        6
 Ozocubu's Refrigeration  Ice            0%         4d5       100%        7
 Disjunction              Tloc           0%         N/A       100%        8


Dungeon Overview and Level Annotations

Branches:
Dungeon (10/15)            Temple (1/1) D:5
   Lair: D:8-11         Orc: D:9-12

Altars:
Ashenzari
Cheibriados
Dithmenos
Elyvilon
Fedhas
Gozag
Hepliaklqana
Kikubaaqudgha
Makhleb
Nemelex Xobeh
Okawaru
Qazlal
Ru
Sif Muna
Trog
Uskayaw
Vehumet
Wu Jian
Xom
Yredelemnul
Zin
The Shining One

Shops:
D:3 *(?*!   D:8 *=!?*:[=

Annotations:
D:4 3 runed translucent doors, Selrock's ghost, amateur DsGl
D:6 3 runed translucent doors, Kranky's ghost, novice OpFi
D:9 4 runed translucent doors


Innate Abilities, Weirdness & Mutations

You have a pair of small horns on your head.
You are mostly covered in thin metallic scales. (AC +3)
You may rarely emit foul miasma when damaged in melee.
Spells you cast and wands you use may paralyse nearby enemies.
You are agile. (Dex +2)
You are strong-willed. (Will+)
You occasionally shout uncontrollably at your foes.
You are covered in fur. (AC +1)


Message History

As you read the scroll of identify, it crumbles to dust.
E - a potion of degeneration
Found an orange potion.
You pick up a book of Changes and begin reading...
You add the spells Beastly Appendage, Wereblood and Spider Form to your library.
f - an orange potion
Found 7 stones.
You hear the faint creaking of a very distant portcullis.
A two-headed ogre comes into view.
It is wielding a +0 giant spiked club and a +0 giant club.
The two-headed ogre shouts in stereo!
You hear a roar!
The two-headed ogre hits you but does no damage.
The two-headed ogre hits you with a +0 giant club.
An acid dragon comes into view.
The two-headed ogre hits you with a +0 giant spiked club!
The two-headed ogre hits you with a +0 giant club!
The acid dragon roars!
The two-headed ogre barely misses you.
The two-headed ogre hits you with a +0 giant club.
You puncture the two-headed ogre!
The two-headed ogre is moderately wounded.
The two-headed ogre hits you with a +0 giant spiked club.
The two-headed ogre hits you with a +0 giant club!
The acid dragon spits acid at you. The splash of acid hits you.
The acid corrodes you!
You puncture the two-headed ogre!
The two-headed ogre is heavily wounded.
You block the two-headed ogre's attack.
The two-headed ogre hits you with a +0 giant club!
You hit the two-headed ogre.
The two-headed ogre is heavily wounded.
The acid dragon bites you.
* * * LOW HITPOINT WARNING * * *
You block the acid dragon's attack.
Unknown command.
As you read the scroll of teleportation, it crumbles to dust.
You feel strangely unstable.
The two-headed ogre hits you with a +0 giant spiked club!
* * * LOW HITPOINT WARNING * * *
The two-headed ogre hits you with a +0 giant club!
You die...

#### #### #..# #..# #..#
#..# #..# #..# # #..#
#..#
###..#####.(######..#
.......D@O..........#
....................#####
###..#####..######.......
#. #..# #....... # #..#
#..##### #..# #..#
..#####..# #..#
.........######..#
.................#


You could see a two-headed ogre and an acid dragon.

Vanquished Creatures
  A hydra (D:9)
  4 two-headed ogres (D:9)
  An ugly thing (D:7)
  A hornet (D:7)
  A slime creature (D:9)
  2 wyverns
  A human (D:8)
  4 hogs (D:8)
  3 steam dragons
  Menkaure (D:7)
  2 acid dragons
  3 water moccasins
  Duvessa (D:7)
  A hornet zombie (D:8)
  4 ice beasts
  3 sky beasts
  2 orc warriors (D:9)
  A necrophage (D:7)
  An ogre (D:4)
  3 centaurs
  A phantom (D:4)
  3 kobold brigands
  A scorpion (D:6)
  A wyvern skeleton (D:7)
  A water moccasin skeleton (D:4)
  Dowan (D:7)
  5 killer bees (D:9)
  10 wights
  4 centaur zombies
  A bullfrog zombie (D:5)
  A hound (D:5)
  A centaur skeleton (D:6)
  A gnoll shaman (D:5)
  An orc priest (D:7)
  2 iguanas (D:6)
  4 orc wizards
  A killer bee zombie (D:7)
  5 gnolls (D:5)
  A howler monkey skeleton (D:4)
  4 adders
  A shadow imp (D:5)
  A white imp (D:6)
  An adder zombie (D:5)
  2 worms
  A dart slug (D:3)
  15 orcs
  2 ball pythons
  7 bats
  8 endoplasms
  3 giant cockroaches
  5 goblins
  4 hobgoblins
  6 jackals
  A quokka (D:1)
  2 frilled lizards
  12 kobolds
  2 rats
162 creatures vanquished.

Vanquished Creatures (others)
  2 orcs (D:5)
  20 fungi (D:5)
22 creatures vanquished.

Grand Total: 184 creatures vanquished

Notes
Turn   | Place    | Note
-------+----------+-------------------------------------------
     0 | D:1      | Sin92 the Demonspawn Fighter began the quest for the Orb.
     0 | D:1      | Reached XP level 1. HP: 18/18 MP: 1/1
   229 | D:1      | Reached skill level 2 in Axes
   252 | D:1      | Gained mutation: Spells you cast may paralyse adjacent
                  | enemies. [demonic ancestry]
   252 | D:1      | Reached XP level 2. HP: 21/24 MP: 2/2
  1035 | D:1      | Reached XP level 3. HP: 29/29 MP: 3/3
  2390 | D:3      | Found Vovosi Jeni's Distillery.
  2429 | D:3      | Found Ylaet's General Store.
  2444 | D:3      | Found a faded altar of an unknown god.
  2692 | D:3      | Found Ruhig's Assorted Antiques.
  2718 | D:3      | Found Panesiduty's Antique Weapon Emporium.
  2753 | D:3      | Found Ysaus's Magic Scroll Shoppe.
  3184 | D:4      | Gained mutation: Spells you cast may paralyse nearby
                  | enemies. [demonic ancestry]
  3184 | D:4      | Reached XP level 4. HP: 35/35 MP: 4/4
  3184 | D:4      | Noticed an ogre
  3189 | D:4      | Killed an ogre
  3190 | D:4      | Reached skill level 3 in Axes
  3190 | D:4      | Reached XP level 5. HP: 34/42 MP: 5/5
  3377 | D:4      | Noticed a phantom
  3389 | D:4      | Killed a phantom
  3460 | D:4      | Found a sacrificial altar of Ru.
  3856 | D:4      | Noticed Selrock's ghost (amateur DsGl)
  3864 | D:4      | Found a runed translucent gate.
  3864 | D:4      | Found a runed translucent gate.
  3864 | D:4      | Found a runed translucent gate.
  4009 | D:4      | Gained mutation: You are partially covered in thin metallic
                  | scales. (AC +2) [demonic ancestry]
  4009 | D:4      | Reached XP level 6. HP: 31/48 MP: 6/6
  4303 | D:5      | Entered Level 5 of the Dungeon
  4311 | D:5      | Reached skill level 4 in Axes
  4596 | D:5      | Noticed a steam dragon
  4598 | D:5      | Gained mutation: You are agile. (Dex +2) [potion of
                  | mutation]
  4598 | D:5      | Gained mutation: You occasionally shout uncontrollably at
                  | your foes. [potion of mutation]
  4598 | D:5      | Gained mutation: You are covered in fur. (AC +1) [potion of
                  | mutation]
  4598 | D:5      | Gained mutation: You are strong-willed. (Will+) [potion of
                  | mutation]
  4621 | D:5      | Killed a steam dragon
  4622 | D:5      | Reached XP level 7. HP: 25/55 MP: 7/7
  4897 | D:3      | Bought a runed hand axe for 156 gold pieces
  4998 | D:5      | Noticed a steam dragon
  5017 | D:5      | Killed a steam dragon
  5018 | D:5      | Reached skill level 5 in Axes
  5043 | D:5      | Reached skill level 5 in Fighting
  5661 | D:5      | Found a staircase to the Ecumenical Temple.
  5802 | Temple   | Entered the Ecumenical Temple
  6167 | Temple   | Became a worshipper of Warmaster Okawaru
  6423 | D:5      | Gained mutation: Spells you cast and wands you use may
                  | paralyse nearby enemies. [demonic ancestry]
  6423 | D:5      | Reached XP level 8. HP: 62/62 MP: 8/8
  6687 | D:6      | Reached skill level 6 in Axes
  6747 | D:6      | Reached skill level 5 in Shields
  6748 | D:6      | Reached skill level 5 in Armour
  7196 | D:6      | Found a runed translucent gate.
  7196 | D:6      | Found a runed translucent gate.
  7196 | D:6      | Found a runed translucent gate.
  7197 | D:6      | Noticed Kranky's ghost (novice OpFi)
  7368 | D:6      | Reached * piety under Okawaru
  8073 | D:7      | Noticed Menkaure
  8079 | D:7      | Killed Menkaure
  8388 | D:7      | Noticed a hornet
  8400 | D:7      | Killed a hornet
  8401 | D:7      | Reached skill level 7 in Axes
  8401 | D:7      | Gained mutation: You have a pair of small horns on your
                  | head. [demonic ancestry]
  8401 | D:7      | Reached XP level 9. HP: 69/69 MP: 9/9
  9085 | D:7      | Reached skill level 1 in Invocations
  9090 | D:7      | Reached ** piety under Okawaru
  9265 | D:7      | Noticed Dowan
  9267 | D:7      | Noticed Duvessa
  9271 | D:7      | Reached skill level 1 in Polearms
  9279 | D:7      | Killed Dowan
  9319 | D:7      | HP: 2/70 [Duvessa/+1 short sword of speed (10)]
  9321 | D:7      | Killed Duvessa
  9322 | D:7      | Reached skill level 1 in Dodging
  9752 | D:7      | Noticed a purple ugly thing
  9773 | D:7      | Killed a purple ugly thing
 10205 | D:7      | Reached skill level 8 in Axes
 10359 | D:8      | Found Teijadon's Armour Shop.
 10359 | D:8      | Found Buwnip's Book Boutique.
 10403 | D:8      | Found Cinilem's Assorted Antiques.
 10403 | D:8      | Found Byidog's Distillery.
 10408 | D:8      | Found Donleumy's Jewellery Shoppe.
 10413 | D:8      | Found Boneu's Magic Scroll Shoppe.
 10576 | D:8      | Gained mutation: You may rarely emit foul miasma when
                  | damaged in melee. [demonic ancestry]
 10576 | D:8      | Reached XP level 10. HP: 28/77 MP: 12/12
 10585 | D:8      | Reached *** piety under Okawaru
 11256 | D:8      | Found Kiewyps's General Store.
 11957 | D:8      | Found Lusouh Bawupp's Jewellery Shop.
 12112 | D:9      | Found a large runed translucent door.
 12112 | D:9      | Found a large runed translucent door.
 12158 | D:9      | Noticed a seven-headed hydra
 12164 | D:9      | Killed a seven-headed hydra
 12258 | D:9      | Noticed a centaur warrior
 12258 | D:9      | Noticed a gargoyle
 12374 | D:9      | Noticed a two-headed ogre
 12384 | D:9      | Killed a two-headed ogre
 12384 | D:9      | Reached **** piety under Okawaru
 12889 | D:9      | Noticed a two-headed ogre
 12900 | D:9      | Killed a two-headed ogre
 12901 | D:9      | Reached skill level 9 in Axes
 13388 | D:9      | Found a large runed translucent door.
 13388 | D:9      | Found a large runed translucent door.
 13444 | D:9      | Noticed a two-headed ogre
 13454 | D:9      | Killed a two-headed ogre
 13454 | D:9      | Reached ***** piety under Okawaru
 13454 | D:9      | Received a gift from Okawaru
 13455 | D:9      | Reached skill level 5 in Invocations
 13536 | D:9      | Gained mutation: You are mostly covered in thin metallic
                  | scales. (AC +3) [demonic ancestry]
 13536 | D:9      | Reached XP level 11. HP: 54/84 MP: 14/14
 13821 | D:9      | Noticed a two-headed ogre
 13828 | D:9      | Killed a two-headed ogre
 14590 | D:10     | Entered Level 10 of the Dungeon
 14608 | D:10     | Identified the +0 leather armour of the Volcano {rF+ Int+3
                  | SInv}
 14650 | D:10     | Noticed a two-headed ogre
 14660 | D:10     | Mangled by a two-headed ogre

Illustrated notes

Levels and vault maps discovered:
D:1:      dpeg_arrival_arbitrary_a, layout_basic
D:2:      layout_basic, minivault_24, kennysheep_cross_bottleneck
D:3:      layout_basic, serial_shops, nicolae_shop_trees,
          nicolae_shop_window_shopping, shop, shop,
          nicolae_shop_competitors_out_of_business, basic_ecumenical_altar,
          grunt_ministairs_11
D:4:      layout_loops_ring, mainiacjoe_overflow_brackets,
          gammafunk_ghost_split, kennysheep_minor_cross
D:5:      kennysheep_steamy, layout_rooms, minmay_temple_entry_nine_rooms
D:6:      layout_basic, gammafunk_ghost_necromancy, nrook_mini_backslash,
          minmay_misc_feat_four_crosses
D:7:      layout_cave_pods, uniq_menkaure, uniq_duvessa
D:8:      layout_rooms, serial_shops, shop_statue, kennysheep_mini_moat,
          nicolae_shop_temple_entry_statues_fountains, nicolae_shop_trees,
          minmay_shop_grid_forest, grunt_livestock,
          chequers_serial_rivers_room_b, wad_floor_pattern_untrapped
D:9:      layout_irregular_city, minmay_hollow_rounded_squares
D:10:     layout_small_grid, enter_bailey_3
Temple:   mainiacjoe_temple_trianglar_array

Skill      XL: |  1  2  3  4  5  6  7  8  9 10 11 |
---------------+----------------------------------+-----
Axes           | 2 3 4 5 7 8 9 |  9.4
Armour         | 3 4 5 6 7 |  7.0
Shields        | 3 4 5 6 7 |  7.0
Fighting       | 4 5 6 7 |  7.7
Invocations    | 3 5 |  5.4
Polearms       | 2 3 |  3.6
Dodging        | 1 3 |  3.5

Action                   |  1- 3 |  4- 6 |  7- 9 | 10-12 || total
-------------------------+-------+-------+-------+-------++-------
Melee: War axe           |   115 |    92 |    11 |       ||   218
       Hand axe          |       |       |   235 |       ||   235
       Trident           |       |       |   100 |   167 ||   267
       Headbutt          |       |       |    30 |    38 ||    68
Invok: Heroism           |       |       |     1 |     2 ||     3
Evoke: Wand              |       |       |     5 |     1 ||     6
  Use: Scroll            |     5 |     3 |     9 |     4 ||    21
       Potion            |       |     3 |     5 |       ||     8
 Stab: Paralysed         |       |       |    14 |       ||    14
Armor: Scale mail        |    54 |       |       |       ||    54
       Chain mail        |    15 |    43 |       |       ||    58
       Plate armour      |       |    31 |   228 |    86 ||   345
       Skin              |       |    26 |       |       ||    26
Dodge: Dodged            |    52 |    26 |    80 |    59 ||   217
Block: Buckler           |    30 |    29 |    77 |    37 ||   173
